EPL
CHELSEA @ LIVERPOOL
10/01/2056
 
TOP OF THE 1ST
Chelsea batting - Pitching for Liverpool : RHP Quentin Glasson
Pitching: RHP Quentin Glasson
Batting: RHB António Cisterna 0-0: Ball
1-0: Fly out, F8 (Flyball, 8RM, EV 83.8 MPH)
Batting: LHB Jeremias Upert 0-0: Ground out 6-3 (Groundball, 6, EV 83.1 MPH)
Batting: RHB David Ramos 0-0: Ball
1-0: Foul Ball, location: 5DF
1-1: Ball
2-1: Ball
3-1: Swinging Strike
3-2: Ground out 5-3 (Groundball, 5S, EV 90.0 MPH)
Top of the 1st over - 0 runs, 0 hits, 0 errors, 0 left on base; Chelsea 0 - Liverpool 0
BOTTOM OF THE 1ST
Liverpool batting - Pitching for Chelsea : RHP Seung-jun Won
Pitching: RHP Seung-jun Won
Batting: SHB Robert Cain 0-0: Ball
1-0: Ball
2-0: SINGLE (Line Drive, 78S, EV 104.4 MPH)
Batting: LHB Mümin And 0-0: Ball
Robert Cain is caught stealing 2nd base 2-6
1-0: Called Strike
1-1: Swinging Strike
1-2: Foul Ball, location: 7LSF
1-2: Ball
2-2: Ball
3-2: Strikes out looking
Batting: RHB Miguel Santiago 0-0: Ground out 5-3 (Groundball, 56, EV 83.8 MPH)
Bottom of the 1st over - 0 runs, 1 hit, 0 errors, 0 left on base; Chelsea 0 - Liverpool 0
TOP OF THE 2ND
Chelsea batting - Pitching for Liverpool : RHP Quentin Glasson
Batting: LHB Philippe Couderc 0-0: Called Strike
0-1: Ball
1-1: Called Strike
1-2: Ground out 4-3 (Groundball, 4, EV 82.5 MPH)
Batting: RHB Artus Waechter 0-0: Called Strike
0-1: Ball
1-1: Foul Ball, location: 5F
1-2: Strikes out looking
Batting: LHB Jorge Guzmán 0-0: Called Strike
0-1: Ball
1-1: Foul Ball, location: 7LSF
1-2: Ball
2-2: Foul Ball, location: 2F
2-2: Ball
3-2: Fly out, F4 (Popup, 4, EV 66.3 MPH)
Top of the 2nd over - 0 runs, 0 hits, 0 errors, 0 left on base; Chelsea 0 - Liverpool 0
BOTTOM OF THE 2ND
Liverpool batting - Pitching for Chelsea : RHP Seung-jun Won
Batting: LHB Bill Kalman 0-0: Ground out 4-3 (Groundball, 4, EV 81.3 MPH)
Batting: LHB Luca Battams 0-0: Called Strike
0-1: Ball
1-1: Foul Ball, location: 2F
1-2: SINGLE (Flyball, 89S, EV 89.4 MPH)
Batting: RHB Chu-ho So 0-0: Ball
Luca Battams steals 2nd base
1-0: Called Strike
1-1: Ball
2-1: Swinging Strike
2-2: Foul Ball, location: 9LDF
2-2: Ground out 5-3 (Groundball, 5, EV 85.0 MPH)
Luca Battams to third
Batting: RHB Constant Servergnini 0-0: Ball
1-0: Called Strike
1-1: Ball
2-1: Called Strike
2-2: Ball
3-2: Base on Balls
Batting: RHB Alfonso Torres 0-0: Foul Ball, location: 2F
0-1: Ground out 5-3 (Groundball, 56S, EV 93.8 MPH)
Bottom of the 2nd over - 0 runs, 1 hit, 0 errors, 2 left on base; Chelsea 0 - Liverpool 0
TOP OF THE 3RD
Chelsea batting - Pitching for Liverpool : RHP Quentin Glasson
Batting: RHB Juan Benenides 0-0: Called Strike
0-1: Ball
1-1: Fly out, F6 (Popup, 4MS, EV 83.8 MPH)
Batting: RHB Gabriel Morán 0-0: Fly out, F8 (Flyball, 8LM, EV 85.6 MPH)
Batting: RHB César Arellano 0-0: Called Strike
0-1: Foul Ball, location: 2F
0-2: Strikes out looking
Top of the 3rd over - 0 runs, 0 hits, 0 errors, 0 left on base; Chelsea 0 - Liverpool 0
BOTTOM OF THE 3RD
Liverpool batting - Pitching for Chelsea : RHP Seung-jun Won
Batting: RHB Hsin-ta Geng 0-0: Called Strike
0-1: Ball
1-1: Ball
2-1: Foul Ball, location: 2F
2-2: Ground out 5-3 (Groundball, 5S, EV 92.5 MPH)
Batting: SHB Robert Cain 0-0: Ball
1-0: Swinging Strike
1-1: Ball
2-1: Swinging Strike
2-2: Ball
3-2: Base on Balls
Batting: LHB Mümin And 0-0: Ball
1-0: Fly out, F7 (Line Drive, 7S, EV 94.4 MPH)
Batting: RHB Miguel Santiago 0-0: Called Strike
Robert Cain steals 2nd base (no throw)
0-1: Ball
1-1: Ground out 4-3 (Groundball, 4M, EV 78.1 MPH)
Bottom of the 3rd over - 0 runs, 0 hits, 0 errors, 1 left on base; Chelsea 0 - Liverpool 0
TOP OF THE 4TH
Chelsea batting - Pitching for Liverpool : RHP Quentin Glasson
Batting: RHB António Cisterna 0-0: Fly out, F8 (Flyball, 8RD, EV 100.6 MPH)
Batting: LHB Jeremias Upert 0-0: Foul Ball, location: 2F
0-1: Ball
1-1: Ball
2-1: Foul Ball, location: 3FF
2-2: Ball
3-2: Fly out, F9 (Flyball, 9D, EV 106.9 MPH)
Batting: RHB David Ramos 0-0: Swinging Strike
0-1: Ball
1-1: Ball
2-1: Ball
3-1: Called Strike
3-2: Strikes out looking
Top of the 4th over - 0 runs, 0 hits, 0 errors, 0 left on base; Chelsea 0 - Liverpool 0
BOTTOM OF THE 4TH
Liverpool batting - Pitching for Chelsea : RHP Seung-jun Won
Batting: LHB Bill Kalman 0-0: Fly out, F8 (Line Drive, 8LD, EV 87.5 MPH)
Batting: LHB Luca Battams 0-0: Foul Ball, location: 7LSF
0-1: Ball
1-1: Swinging Strike
1-2: Ball
2-2: Strikes out swinging
Batting: RHB Chu-ho So 0-0: Ball
1-0: Fly out, F8 (Flyball, 78M, EV 93.8 MPH)
Bottom of the 4th over - 0 runs, 0 hits, 0 errors, 0 left on base; Chelsea 0 - Liverpool 0
TOP OF THE 5TH
Chelsea batting - Pitching for Liverpool : RHP Quentin Glasson
Batting: LHB Philippe Couderc 0-0: Foul Ball, location: 3FF
0-1: Ball
1-1: Ground out U3 (Groundball, 34, EV 87.5 MPH)
Batting: RHB Artus Waechter 0-0: Foul Ball, location: 5F
0-1: Called Strike
0-2: Strikes out looking
Batting: LHB Jorge Guzmán 0-0: Foul Ball, location: 23FF
0-1: Fly out, F5 (Popup, 15, EV 85.6 MPH)
Top of the 5th over - 0 runs, 0 hits, 0 errors, 0 left on base; Chelsea 0 - Liverpool 0
BOTTOM OF THE 5TH
Liverpool batting - Pitching for Chelsea : RHP Seung-jun Won
Batting: RHB Constant Servergnini 0-0: Ground out 5-3 (Groundball, 56S, EV 80.6 MPH)
Batting: RHB Alfonso Torres 0-0: Ball
1-0: Ball
2-0: Ball
3-0: Ground out 1-3 (Groundball, 15S, EV 66.9 MPH)
Batting: RHB Hsin-ta Geng 0-0: Ball
1-0: Foul Ball, location: 2F
1-1: Called Strike
1-2: Ball
2-2: Ball
3-2: Foul Ball, location: 5F
3-2: Base on Balls
Batting: SHB Robert Cain 0-0: Called Strike
0-1: Ball
1-1: Fielders Choice at 2nd, U4 (Groundball, 4M, EV 88.1 MPH)
Bottom of the 5th over - 0 runs, 0 hits, 0 errors, 1 left on base; Chelsea 0 - Liverpool 0
TOP OF THE 6TH
Chelsea batting - Pitching for Liverpool : RHP Quentin Glasson
Batting: RHB Juan Benenides 0-0: Ball
1-0: Fly out, F9 (Flyball, 89D, EV 77.5 MPH)
Batting: RHB Gabriel Morán 0-0: Ball
1-0: Foul Ball, location: 9LDF
1-1: Foul Ball, location: 25FF
1-2: Strikes out swinging
Batting: RHB César Arellano 0-0: Swinging Strike
0-1: Foul Ball, location: 2F
0-2: Foul Ball, location: 9LSF
0-2: Ball
1-2: Ball
2-2: Ball
3-2: Foul Ball, location: 23F
3-2: Foul Ball, location: 2F
3-2: Strikes out looking
Top of the 6th over - 0 runs, 0 hits, 0 errors, 0 left on base; Chelsea 0 - Liverpool 0
BOTTOM OF THE 6TH
Liverpool batting - Pitching for Chelsea : RHP Seung-jun Won
Batting: LHB Mümin And 0-0: Ground out U3 (Groundball, 3L, EV 108.1 MPH)
Batting: RHB Miguel Santiago 0-0: Ball
1-0: Ball
2-0: Swinging Strike
2-1: Ball
3-1: Called Strike
3-2: Base on Balls
Batting: LHB Bill Kalman 0-0: Grounds into double play, 4-6-3 (Groundball, 34S, EV 81.3 MPH)
Bottom of the 6th over - 0 runs, 0 hits, 0 errors, 0 left on base; Chelsea 0 - Liverpool 0
TOP OF THE 7TH
Chelsea batting - Pitching for Liverpool : RHP Quentin Glasson
Batting: RHB António Cisterna 0-0: Swinging Strike
0-1: Ball
1-1: Called Strike
1-2: Ball
2-2: Ground out 5-3 (Groundball, 5, EV 101.9 MPH)
Batting: LHB Jeremias Upert 0-0: Ball
1-0: Ball
2-0: Ball
3-0: Base on Balls
Batting: RHB David Ramos 0-0: Ball
1-0: Swinging Strike
1-1: Fielders Choice at 2nd, U4 (Groundball, 6MD, EV 104.4 MPH)
Batting: LHB Philippe Couderc 0-0: Called Strike
David Ramos steals 2nd base (no throw)
0-1: Ball
1-1: SINGLE (Groundball, 4D, EV 97.5 MPH)
David Ramos to third
Runner from 3rd tries for Home, SAFE, throw by RF to home
Batting: RHB Artus Waechter 0-0: Ball
1-0: Ground out 6-3 (Groundball, 6S, EV 88.1 MPH)
Top of the 7th over - 1 run, 1 hit, 0 errors, 1 left on base; Chelsea 1 - Liverpool 0
BOTTOM OF THE 7TH
Liverpool batting - Pitching for Chelsea : RHP Seung-jun Won
Batting: LHB Luca Battams 0-0: Ball
1-0: Foul Ball, location: 5SF
1-1: Ball
2-1: Foul Ball, location: 2F
2-2: Ball
3-2: Foul Ball, location: 3F
3-2: Foul Ball, location: 9LDF
3-2: Fly out, F9 (Flyball, 9LDF, EV 110.0 MPH)
Batting: RHB Chu-ho So 0-0: Foul Ball, location: 3SF
0-1: Ball
1-1: Fly out, F4 (Popup, 4, EV 58.1 MPH)
Batting: RHB Constant Servergnini 0-0: Ball
1-0: Ball
2-0: Called Strike
2-1: Foul Ball, location: 9LSF
2-2: Foul Ball, location: 2F
2-2: Ground out 6-3 (Groundball, 6S, EV 68.1 MPH)
Bottom of the 7th over - 0 runs, 0 hits, 0 errors, 0 left on base; Chelsea 1 - Liverpool 0
TOP OF THE 8TH
Chelsea batting - Pitching for Liverpool : RHP Quentin Glasson
Batting: LHB Jorge Guzmán 0-0: Foul Ball, location: 5FF
0-1: Ball
1-1: Fly out, F9 (Flyball, 9D, EV 93.1 MPH)
Batting: RHB Juan Benenides 0-0: Ball
1-0: Called Strike
1-1: Swinging Strike
1-2: Ball
2-2: Ball
3-2: Foul Ball, location: 7LDF
3-2: Strikes out swinging
Batting: RHB Gabriel Morán 0-0: Called Strike
0-1: Foul Ball, location: 9LDF
0-2: Strikes out swinging
Top of the 8th over - 0 runs, 0 hits, 0 errors, 0 left on base; Chelsea 1 - Liverpool 0
BOTTOM OF THE 8TH
Liverpool batting - Pitching for Chelsea : RHP Seung-jun Won
Batting: RHB Alfonso Torres 0-0: Ball
1-0: SINGLE (Line Drive, 4MD, EV 95.0 MPH)
Batting: RHB Hsin-ta Geng 0-0: Called Strike
0-1: Swinging Strike
0-2: SINGLE (Groundball, 4MD, EV 95.0 MPH)
Alfonso Torres to second
Pitching: RHP Scott Ker
Batting: SHB Robert Cain 0-0: Ball
1-0: Foul Ball, location: 23F
1-1: Fly out, F7 (Line Drive, 7D, EV 88.1 MPH)
Runner from 2nd tags up, SAFE at 3rd with throw by LF
Batting: LHB Mümin And 0-0: Called Strike
0-1: Swinging Strike
0-2: Foul Ball, location: 2RF
0-2: Ball
1-2: Ball
2-2: Strikes out swinging
Batting: RHB Miguel Santiago 0-0: 3-RUN HOME RUN (Line Drive, 9LD, EV 95.0 MPH), Distance : 357 ft
Batting: LHB Bill Kalman 0-0: Ball
1-0: Ball
2-0: Foul Ball, location: 7LMF
2-1: Foul Ball, location: 5SF
2-2: Ball
3-2: Base on Balls
Batting: LHB Luca Battams 0-0: DOUBLE (Flyball, 8LXD, EV 113.1 MPH)
Bill Kalman to third
Runner from 3rd tries for Home, SAFE, no throw by CF
Batting: RHB Chu-ho So 0-0: Ball
1-0: Foul Ball, location: 2F
1-1: Foul Ball, location: 5FF
1-2: Ball
2-2: Fly out, F4 (Line Drive, 4, EV 67.5 MPH)
Bottom of the 8th over - 4 runs, 4 hits, 0 errors, 1 left on base; Chelsea 1 - Liverpool 4
TOP OF THE 9TH
Chelsea batting - Pitching for Liverpool : RHP Quentin Glasson
Now at 1B: Luca Battams
Now at 3B: Michael Cory
Now in RF: Micah Beardall
Batting: RHB César Arellano 0-0: Ball
1-0: Foul Ball, location: 5FF
1-1: Ball
2-1: Swinging Strike
2-2: Strikes out swinging
Batting: RHB António Cisterna 0-0: Ball
1-0: Foul Ball, location: 2F
1-1: Swinging Strike
1-2: Strikes out swinging
Batting: LHB Jeremias Upert 0-0: Fly out, F7 (Line Drive, 7S, EV 91.3 MPH)
Top of the 9th over - 0 runs, 0 hits, 0 errors, 0 left on base; Chelsea 1 - Liverpool 4
Friday, March 29th , 2024 - OOTP Baseball 24.10 Build 82